Map: Blackrock LE

Players

Arrogfire

  • Race: Protoss Protoss
  • League: Master
  • Spawn Location: 1:00

Elazer - Winner!

  • Race: Zerg Zerg
  • League: Master
  • Spawn Location: 7:00

Event: HomeStory Cup XXIX

VOD

Have the link to the VOD?

Description

Time

  • Played on: July 3, 2026, 11:46 a.m.
  • Length: 16:47

All games in this series

Show
View Real Time Build Order
Export as new Build Order

Arrogfire Protoss 

Build Orders: Oracle Opening 

Get SALT Encoding   

  8  0:00  Probe (Chrono Boost)  
  9  0:12  Probe (Chrono Boost)  
  10  0:17  Probe (Chrono Boost)  
  11  0:26  Probe  
  12  0:34  Pylon  
  12  0:38  Probe  
  13  0:52  Probe  
  14  0:57  Gateway  
  14  1:01  Assimilator  
  14  1:05  Probe (Chrono Boost)  
  15  1:15  Probe (Chrono Boost)  
  16  1:19  Probe (Chrono Boost)  
  17  1:31  Probe  
  18  1:46  Nexus  
  18  1:57  Cybernetics Core  
  18  2:01  Probe  
  19  2:06  Assimilator  
  19  2:13  Probe  
  20  2:17  Pylon  
  20  2:25  Probe  
  21  2:32  Adept (Chrono Boost)  
  23  2:37  Probe  
  23  2:42  Stargate  
  24  2:49  Probe  
  24  2:50  Warp Gate  
  25  2:55  Adept (Chrono Boost)  
  25  3:01  Probe  
  25  3:03  Probe (Chrono Boost)  
  29  3:13  Probe (Chrono Boost)  
  31  3:21  Probe (Chrono Boost), Stalker  
  31  3:23  Probe (Chrono Boost)  
  34  3:28  Probe x2 (Chrono Boost)  
  36  3:36  Oracle (Chrono Boost)  
  36  3:40  Probe x2  
  41  3:44  Pylon  
  41  3:52  Probe  
  42  4:02  Probe  
  43  4:04  Probe  
  43  4:07  Gateway  
  44  4:10  Oracle (Chrono Boost)  
  44  4:14  Pylon, Probe  
  44  4:16  Probe  
  49  4:26  Probe  
  50  4:32  Probe, Nexus  
  50  4:37  Oracle (Chrono Boost)  
  51  4:39  Probe  
  51  4:44  Probe  
  56  4:49  Pylon  
  56  4:50  Assimilator  
  56  4:51  Probe  
  57  4:56  Probe, Shield Battery  
  58  5:07  Probe  
  58  5:08  Probe  
  58  5:13  Oracle  
  59  5:17  Adept x2  
  59  5:19  Probe  
  59  5:20  Probe  
  60  5:22  Pylon  
  60  5:26  Pylon  
  60  5:35  Pylon  
  60  5:39  Twilight Council  
  60  5:40  Probe x2  
  62  5:47  Oracle (Chrono Boost)  
  62  5:48  Probe  
  63  5:52  Probe x2  
  63  5:55  Adept x2  
  72  6:00  Probe  
  73  6:04  Probe x2  
  73  6:08  Gateway x2  
  75  6:12  Probe  
  75  6:16  Gateway  
  75  6:17  Probe x2, Oracle  
  81  6:19  Charge (Chrono Boost), Gateway  
  81  6:20  Gateway  
  81  6:24  Probe  
  82  6:28  Gateway x2  
  82  6:33  Zealot x2  
  82  6:37  Pylon  
  86  6:41  Probe  
  87  6:47  Probe x2  
  87  6:49  Assimilator, Gateway  
  87  6:50  Assimilator  
  87  6:53  Probe  
  90  6:58  Templar Archives  
  90  6:59  Pylon, Probe  
  90  7:00  Probe  
  92  7:01  Zealot x2  
  92  7:05  Pylon x2  
  96  7:09  Probe  
  97  7:17  Probe  
  98  7:25  Probe  
  98  7:29  Probe  
  98  7:31  Stalker  
  98  7:32  Zealot x2  
  100  7:37  Psionic Storm  
  100  7:40  Forge  
  100  7:41  Zealot x4  
  107  7:57  Gateway x2  
  107  7:59  Zealot x3  
  107  8:00  Gateway  
  113  8:09  Pylon  
  113  8:10  Zealot x5  
  123  8:14  Pylon  
  117  8:20  Probe x2  
  119  8:31  Probe  
  119  8:32  High Templar x3  
  119  8:33  High Templar  
  114  8:40  Protoss Ground Weapons Level 1 (Chrono Boost)  
  108  8:45  Pylon, Nexus  
  108  8:46  Probe x2  
  110  8:52  Zealot x4  
  118  8:55  Pylon  
  118  8:56  Pylon  
  118  8:57  Probe  
  118  8:59  Pylon  
  118  9:00  High Templar  
  121  9:04  Photon Cannon  
  121  9:12  Stalker  
  121  9:13  Zealot  
  121  9:14  Stalker  
  129  9:20  Probe (Chrono Boost)  
  129  9:21  Probe x2 (Chrono Boost)  
  118  9:28  Zealot x4  
  113  9:31  Probe (Chrono Boost)  
  113  9:35  Archon x2  
  99  9:38  Zealot x4  
  99  9:39  Zealot  
  104  9:46  Zealot x4  
  104  9:57  Probe (Chrono Boost)  
  106  10:00  Probe x3 (Chrono Boost), High Templar x3  
  106  10:06  Probe (Chrono Boost)  
  113  10:09  Probe (Chrono Boost)  
  113  10:10  Probe x2 (Chrono Boost)  
  113  10:11  Probe (Chrono Boost)  
  113  10:12  High Templar  
  119  10:17  Zealot x4  
  119  10:18  Zealot, Pylon  
  119  10:19  Probe  
  130  10:25  Probe x2  
  129  10:33  Probe x2, Protoss Ground Weapons Level 2 (Chrono Boost)  
  123  10:39  Probe (Chrono Boost)  
  108  10:44  Photon Cannon  
  108  10:45  Probe (Chrono Boost)  
  108  10:47  Probe (Chrono Boost)  
  108  10:48  Shield Battery  
  108  10:49  High Templar  
  113  10:50  Probe (Chrono Boost)  
  113  10:55  Probe x2 (Chrono Boost)  
  114  10:57  Probe (Chrono Boost)  
  114  10:59  Zealot  
  114  11:01  Probe  
  117  11:05  High Templar  
  117  11:06  High Templar  
  117  11:10  Archon  
  119  11:13  Zealot x6  
  119  11:15  Probe  
  130  11:23  Probe x2  
  130  11:25  Probe  
  132  11:27  Probe  
  132  11:31  High Templar x2  
  132  11:32  Zealot x3  
  143  11:36  Archon  
  135  11:42  Zealot x2  
  120  11:48  Zealot x4  
  120  11:53  Archon x2  
  118  11:55  Probe x2  
  118  11:56  Probe x2  
  102  12:04  High Templar x3  
  102  12:05  Zealot x4  
  102  12:07  Probe x2  
  102  12:08  Probe x2  
  114  12:14  Photon Cannon  
  114  12:16  Shield Battery  
  114  12:19  Probe x2  
  114  12:20  Probe x2  
  114  12:21  Oracle (Chrono Boost)  
  121  12:31  Probe x2  
  121  12:34  Probe x2  
  118  12:37  Zealot x2  
  118  12:43  Probe  
  106  12:45  Probe  
  106  12:46  Probe, High Templar x2  
  106  12:50  Zealot x6  
  122  12:55  Probe  
  122  12:56  Photon Cannon  
  122  12:58  Shield Battery  
  123  13:02  Probe x2  
  123  13:03  Probe  
  126  13:07  Zealot  
  126  13:08  Probe  
  126  13:12  Archon x2  
  121  13:15  Zealot x4  
  127  13:26  Zealot x3  
  117  13:38  Nexus  
  114  13:48  Pylon  
  114  13:50  Oracle (Chrono Boost)  
  114  13:52  High Templar x4  
  114  13:54  Probe  
  114  13:55  Probe  
  127  13:56  Archon x2  
  127  13:59  Assimilator  
  127  14:04  Zealot  
  127  14:05  Assimilator  
  129  14:14  Stalker  
  129  14:16  Gateway  
  127  14:23  Probe x2  
  113  14:25  Probe  
  113  14:27  High Templar  
  111  14:32  Zealot  
  111  14:35  Probe x2  
  111  14:37  Probe  
  110  14:46  High Templar  
  110  14:47  Probe  
  110  14:50  Zealot x4  
  110  14:51  Zealot x2  
  125  14:59  Zealot x3  
  110  15:16  Nexus  
  110  15:18  Pylon  
  110  15:27  High Templar  
  112  15:28  Stalker  
  86  15:42  Probe x2  
  83  15:48  Probe  
  84  15:54  Probe x2  
  86  16:02  Zealot  
  86  16:08  Probe  
  80  16:17  High Templar  
Show
View Real Time Build Order
Export as new Build Order

Elazer Zerg - Winner!

Build Orders: Hatch First 

Get SALT Encoding   

  8  0:00  Drone  
  9  0:10  Drone  
  10  0:16  Drone  
  11  0:22  Drone  
  12  0:32  Overlord  
  12  0:40  Extractor, Drone  
  13  0:50  Drone x2  
  15  1:00  Drone  
  16  1:14  Hatchery  
  15  1:18  Drone  
  15  1:21  Drone  
  17  1:29  Drone  
  18  1:35  Extractor  
  17  1:43  Spawning Pool, Drone  
  17  1:50  Drone  
  18  2:00  Drone  
  19  2:10  Drone  
  20  2:19  Overlord  
  20  2:29  Queen x2  
  20  2:35  Metabolic Boost  
  24  2:38  Drone x2  
  24  2:41  Zergling x2  
  27  2:44  Drone  
  27  2:47  Drone  
  27  2:50  Drone  
  30  2:56  Drone  
  31  2:59  Overlord  
  31  3:13  Hatchery  
  31  3:14  Zergling x2  
  31  3:15  Zergling x2  
  32  3:23  Overlord  
  32  3:26  Drone x2  
  34  3:31  Drone  
  34  3:36  Zergling x2  
  34  3:38  Zergling x2  
  36  3:42  Drone x3  
  36  3:43  Drone x3  
  36  3:47  Queen  
  44  3:58  Drone x3  
  44  4:02  Overlord  
  47  4:06  Spore Crawler  
  47  4:08  Spore Crawler  
  45  4:11  Drone x3  
  45  4:14  Overlord  
  48  4:22  Zergling x8  
  48  4:24  Zergling x2  
  53  4:27  Overlord  
  53  4:29  Queen  
  55  4:32  Zergling x2  
  55  4:36  Queen  
  58  4:39  Zergling x4  
  58  4:44  Drone  
  60  4:49  Drone x4  
  66  4:52  Drone x2  
  66  4:55  Drone x2  
  66  4:59  Spore Crawler  
  65  5:09  Drone x4  
  65  5:17  Drone x2  
  64  5:21  Drone x4  
  68  5:28  Drone x2  
  68  5:29  Drone  
  68  5:30  Lair  
  71  5:36  Extractor, Hatchery  
  71  5:37  Extractor  
  71  5:41  Overlord  
  68  5:45  Zergling x6  
  68  5:49  Baneling Nest  
  71  5:50  Drone, Extractor  
  71  5:57  Drone x3  
  71  5:58  Drone x3  
  71  6:00  Overlord x2  
  75  6:06  Drone x4  
  79  6:12  Drone x2  
  79  6:19  Drone x2  
  79  6:23  Overlord  
  79  6:25  Zergling x18  
  90  6:27  Hatchery  
  90  6:29  Hydralisk Den  
  90  6:31  Drone x2  
  90  6:33  Centrifugal Hooks, Overseer  
  90  6:42  Zergling x2  
  90  6:43  Zergling x4  
  90  6:45  Overlord  
  93  6:52  Overlord, Zergling x2  
  93  6:53  Zergling x8  
  93  6:54  Baneling x5  
  98  7:00  Drone x3, Extractor  
  100  7:01  Grooved Spines, Hydralisk  
  100  7:02  Hydralisk x2  
  100  7:07  Overlord  
  106  7:10  Baneling  
  106  7:11  Baneling x4  
  102  7:18  Spore Crawler, Hydralisk x4  
  100  7:25  Spore Crawler, Overlord  
  100  7:28  Drone x4  
  103  7:35  Overlord  
  100  7:43  Drone x3  
  103  7:46  Drone x7  
  110  7:52  Muscular Augments  
  110  7:56  Baneling x5  
  110  8:02  Drone x3  
  110  8:04  Hydralisk x3  
  119  8:06  Baneling  
  119  8:07  Baneling x5  
  119  8:11  Baneling  
  119  8:12  Baneling x4  
  118  8:13  Zergling x6  
  119  8:26  Zergling x2  
  119  8:27  Zergling x26  
  132  8:33  Hydralisk  
  132  8:34  Hydralisk x3  
  119  8:38  Zergling x10  
  119  8:41  Baneling x7  
  127  8:47  Queen, Overlord  
  129  8:50  Drone x4  
  129  8:51  Drone  
  129  8:54  Drone x2  
  136  8:58  Drone, Baneling x9  
  136  8:59  Baneling  
  136  9:01  Hydralisk  
  136  9:02  Zergling x2  
  140  9:06  Hydralisk  
  136  9:29  Baneling x11  
  130  9:35  Zergling x38  
  138  9:51  Hydralisk x6  
  123  9:55  Overlord  
  123  9:56  Hydralisk x2  
  124  10:00  Hydralisk x2  
  124  10:05  Drone, Extractor  
  124  10:06  Drone x2  
  130  10:09  Extractor  
  130  10:10  Baneling x4  
  130  10:12  Zergling x4  
  130  10:13  Queen  
  133  10:16  Spine Crawler  
  133  10:18  Zergling x8  
  133  10:20  Queen x3  
  142  10:22  Baneling x7  
  142  10:23  Queen  
  142  10:25  Overlord  
  142  10:26  Zergling x2  
  142  10:27  Zergling x22  
  152  10:32  Overlord  
  148  10:39  Overlord  
  148  10:42  Drone x4  
  149  10:43  Drone  
  149  10:46  Hydralisk  
  149  10:47  Hydralisk x3  
  158  10:53  Zergling x6  
  158  10:57  Baneling x15  
  158  11:03  Overlord  
  158  11:05  Zergling x24  
  158  11:09  Overlord  
  167  11:23  Zergling x2  
  167  11:24  Zergling x18  
  167  11:25  Hatchery  
  173  11:26  Baneling  
  173  11:27  Baneling x3  
  173  11:29  Zergling x6  
  165  11:40  Zergling x22  
  167  11:48  Zergling x10  
  155  11:55  Hydralisk x5  
  155  12:00  Hydralisk x3  
  151  12:06  Hydralisk  
  151  12:07  Hydralisk x2  
  139  12:11  Baneling x3  
  139  12:12  Baneling x8  
  139  12:13  Baneling x2  
  133  12:19  Hydralisk x3  
  138  12:33  Hydralisk x7  
  147  12:39  Zergling x2  
  147  12:40  Zergling x10  
  145  12:48  Zergling x10  
  145  12:50  Drone  
  147  12:52  Zergling x4  
  147  12:57  Zergling x10  
  154  13:00  Baneling x12  
  154  13:05  Overseer  
  153  13:07  Zergling x8  
  153  13:15  Zergling x2  
  153  13:16  Zergling x8  
  155  13:21  Hydralisk x3  
  149  13:37  Hydralisk x7  
  157  13:42  Evolution Chamber  
  157  13:46  Drone x4  
  158  13:49  Zergling x8  
  158  13:54  Baneling x7  
  162  14:07  Baneling x7  
  162  14:08  Hatchery  
  161  14:13  Zerg Missile Weapons Level 1  
  161  14:18  Zergling x20  
  161  14:24  Zergling x12  
  171  14:28  Baneling x10  
  170  14:41  Zergling x2  
  170  14:42  Zergling x24  
  182  14:48  Zergling x12  
  188  14:56  Overlord  
  188  14:57  Overlord  
  177  15:08  Zergling x22  
  187  15:21  Zergling x26  
  199  15:24  Evolution Chamber  
  196  15:30  Baneling x19  
  186  15:44  Drone x2  
  186  15:45  Baneling  
  186  15:46  Baneling x18  
  184  15:50  Zergling x2  
  184  15:51  Zergling x22  
  192  16:17  Baneling x19  
Tags
 
Add a new tag
Caveats
  • Supply blocks, unpowered buildings, or Contaminate may cause inaccurate times.
  • Supply counts are checked every 10 seconds.